 Dungeon Crawl Stone Soup version 0.19.1 (webtiles) character file.

4118 Aksej the Cleaver (level 10, -8/74 HPs)
             Began as a Demonspawn Gladiator on Dec 22, 2016.
             Was a Follower of Qazlal.
             Mangled by a red ugly thing (22 damage)
             ... on level 8 of the Dungeon.
             The game lasted 00:20:56 (8075 turns).

Aksej the Cleaver (Demonspawn Gladiator)            Turns: 8075, Time: 00:20:57

Health: -8/74      AC: 18    Str: 18      XL:     10   Next: 6%
Magic:  10/10      EV:  7    Int:  9      God:    Qazlal [*.....]
Gold:   148        SH:  2    Dex: 17 (18) Spells: 0 memorised, 9 levels left

rFire  . . .     SeeInvis .     a - +1 war axe
rCold  . . .     Gourm    .     C - +0 plate armour (curse)
rNeg   . . .     Faith    .     (no shield)
rPois  .         Spirit   .     (helmet restricted)
rElec  .         Reflect  .     x - +0 cloak
rCorr  +         Harm     .     B - +1 pair of gloves {Dex+3}
MR     +....                    (no boots)
Stlth  ..........               (no amulet)
                                i - ring of resist corrosion
                                m - ring of protection from magic

@: no status effects
A: horns 2, slimy green scales 2, demonic guardian 2, powered by death 1
a: Renounce Religion


You were on level 8 of the Dungeon.
You worshipped Qazlal.
Qazlal was aware of your devotion.
You were not hungry.

You visited 2 branches of the dungeon, and saw 10 of its levels.

You collected 439 gold pieces.
You spent 291 gold pieces at shops.

Inventory:

Hand Weapons
 a - a +1 war axe (weapon)
Missiles
 s - 2 tomahawks
 y - a throwing net (quivered)
Armour
 x - a +0 cloak (worn)
 B - a +1 pair of gloves of dexterity (worn)
 C - a cursed +0 plate armour (worn)
Jewellery
 i - a ring of resist corrosion (right hand)
 m - a ring of protection from magic (left hand)
 t - a +1 ring of evasion
 v - an uncursed ring of protection from cold
 D - a cursed ring of teleportation {unknown}
Wands
 d - a wand of hasting (3/9)
 p - a wand of lightning (3/15)
 u - a wand of iceblast (9/15)
 w - a wand of acid (4/15)
Scrolls
 k - 6 scrolls of remove curse
 l - 5 scrolls of teleportation
 o - 2 scrolls of fog
 q - a scroll of blinking
Potions
 c - a potion of resistance
 e - a potion of lignification
 h - 2 potions of brilliance
 z - a potion of cancellation
Comestibles
 b - a royal jelly
 f - 9 bread rations
 g - 3 beef jerkies
 j - 7 fruits
 n - 4 meat rations
 r - 8 chunks of flesh
 A - 8 slices of pizza


   Skills:
 + Level 5.3 Fighting
 * Level 11.2 Axes
 + Level 1.8 Throwing
 + Level 4.7 Armour
 + Level 4.3 Dodging


You had 9 spell levels left.
You didn't know any spells.

Dungeon Overview and Level Annotations

Branches:
Dungeon (9/15)             Temple (1/1) D:6            Lair (0/6) D:8
    Orc: D:9-12

Altars:
Ashenzari
Cheibriados
Dithmenos
Elyvilon
Fedhas
Gozag
Hepliaklqana
Kikubaaqudgha
Makhleb
Nemelex Xobeh
Okawaru
Qazlal
Ru
Sif Muna
Trog
Uskayaw
Vehumet
Xom
Yredelemnul
Zin
The Shining One

Shops:
D:4 ?   D:8 [


Innate Abilities, Weirdness & Mutations

You have a pair of horns on your head.
You are mostly covered in slimy green scales. (AC +3)
A demonic guardian rushes to your aid.
You regenerate a little health from kills.


Message History

The quasit bites you but does no damage.
The quasit barely misses you.
The quasit claws you but does no damage.
You barely miss the red ugly thing.
The red ugly thing is moderately wounded.
You closely miss the quasit.
The quasit bites you but does no damage.
The quasit claws you but does no damage. x2
The red ugly thing closely misses you.
Unknown command.
You slash the red ugly thing!
Your headbutt misses the red ugly thing.
The red ugly thing is heavily wounded.
You slash the quasit! The quasit bites you.
* * * LOW HITPOINT WARNING * * *
The quasit claws you but does no damage. x2
The red ugly thing gores you.
* * * LOW HITPOINT WARNING * * *
You are engulfed in flames!!
You die...

###### #....# ##....# #######
#.....# ###.....# # ###.....#
#.......# #
#############..ยง.53.###.......###
...............u@..........>..'..
.############<#...............###
.# ##......############.....####
.# #.......+...........#+#.....#
.###.......###########.#.#..##.#
...........'...........#.#..##.#
.###.......##..........#.#(.##.##
..##.########..................##
.....(.# #......#+###.########


You could see a red ugly thing, a quasit and a friendly sixfirhy.

Vanquished Creatures
  2 hippogriffs (D:8)
  2 hogs (D:7)
  A yak (D:7)
  A human (D:7)
  2 steam dragons
  An ice beast (D:6)
  2 sky beasts
  A phantom (D:7)
  The ghost of Pytinka the Covered, an amateur MiFi (D:3)
  A black bear (D:8)
  A necrophage (D:8)
  An orc warrior (D:7)
  2 ogres (D:5)
  3 centaurs
  3 bullfrogs (D:6)
  A water moccasin zombie (D:7)
  Dowan (D:5)
  A water moccasin skeleton (D:9)
  2 scorpions
  A bullfrog zombie (D:6)
  3 jellies
  8 orc priests
  A quasit (D:6)
  A centaur skeleton (D:7)
  5 hounds
  A bullfrog skeleton (D:8)
  Jessica (D:3)
  3 iguanas
  7 worker ants
  2 hound zombies
  2 hound skeletons
  A howler monkey zombie (D:5)
  A howler monkey skeleton (D:6)
  4 gnolls (D:8)
  12 adders
  3 shadow imps
  An ooze (D:1)
  An adder skeleton (D:4)
  2 worms
  3 dart slugs
  6 leopard geckos
  17 orcs
  9 giant cockroaches
  8 goblins
  13 hobgoblins
  2 jackals (D:4)
  7 kobolds
  5 quokkas
  5 bats
  5 frilled lizards
  A quokka skeleton (D:4)
  15 rats
  2 fungi (D:6)
187 creatures vanquished.

Vanquished Creatures (collateral kills)
  A hog (D:7)
  Duvessa (D:5)
  A bullfrog (D:8)
  An orc wizard (D:8)
  3 orcs
  A jackal (D:4)
8 creatures vanquished.

Vanquished Creatures (others)
  An ice beast (D:8)
  A leopard gecko (D:8)
  A fungus (D:7)
3 creatures vanquished.

Grand Total: 198 creatures vanquished

Notes
Turn   | Place    | Note
-------+----------+-------------------------------------------
     0 | D:1      | Aksej the Demonspawn Gladiator began the quest for the Orb.
     0 | D:1      | Reached XP level 1. HP: 16/16 MP: 1/1
   176 | D:1      | Reached skill level 3 in Axes
   176 | D:1      | Gained mutation: You regenerate a little health from kills. [demonic ancestry]
   176 | D:1      | Reached XP level 2. HP: 14/22 MP: 2/2
   457 | D:1      | Gained mutation: You have a pair of small horns on your head. [demonic ancestry]
   457 | D:1      | Reached XP level 3. HP: 24/27 MP: 3/3
  1813 | D:2      | Gained mutation: A weak demonic guardian rushes to your aid. [demonic ancestry]
  1813 | D:2      | Reached XP level 4. HP: 34/34 MP: 4/4
  1941 | D:2      | Reached skill level 4 in Axes
  2123 | D:3      | Noticed Jessica
  2128 | D:3      | Killed Jessica
  2383 | D:3      | Reached skill level 1 in Armour
  2489 | D:3      | Reached XP level 5. HP: 28/39 MP: 5/5
  2529 | D:3      | Noticed Pytinka's ghost (amateur MiFi)
  2557 | D:3      | Killed Pytinka's ghost
  2557 | D:3      | Reached skill level 5 in Axes
  2565 | D:3      | Found a snail-covered altar of Cheibriados.
  2656 | D:3      | Gained mutation: You are partially covered in slimy green scales. (AC +2) [demonic ancestry]
  2656 | D:3      | Reached XP level 6. HP: 33/46 MP: 6/6
  2934 | D:4      | Found Bacwuc's Magic Scroll Boutique.
  2947 | D:4      | Bought a scroll of remove curse for 30 gold pieces
  2947 | D:4      | Bought a scroll of remove curse for 30 gold pieces
  2947 | D:4      | Bought a scroll of identify for 20 gold pieces
  2947 | D:4      | Bought a scroll of remove curse for 30 gold pieces
  3153 | D:4      | Found a faded altar of an unknown god.
  3153 | D:4      | Found a faded altar of an unknown god.
  3160 | D:4      | Found a faded altar of an unknown god.
  3162 | D:4      | Found a faded altar of an unknown god.
  3165 | D:4      | Found a basalt altar of Yredelemnul.
  3394 | D:5      | Entered Level 5 of the Dungeon
  3527 | D:5      | Reached skill level 6 in Axes
  3688 | D:5      | Gained mutation: You are mostly covered in slimy green scales. (AC +3) [demonic ancestry]
  3688 | D:5      | Reached XP level 7. HP: 51/51 MP: 7/7
  3867 | D:5      | Found a hide-covered altar of Uskayaw.
  4009 | D:5      | Noticed Duvessa
  4009 | D:5      | Noticed Dowan
  4015 | D:5      | Killed Dowan
  4023 | D:5      | Killed Duvessa
  4231 | D:5      | Reached skill level 7 in Axes
  4330 | D:6      | Found a staircase to the Ecumenical Temple.
  4343 | Temple   | Entered the Ecumenical Temple
  4350 | Temple   | Became a worshipper of Qazlal Stormbringer
  4494 | D:6      | Reached XP level 8. HP: 46/58 MP: 8/8
  5034 | D:6      | Found a blossoming altar of Fedhas.
  5044 | D:6      | Reached skill level 8 in Axes
  5566 | D:7      | Found a shattered altar of Ashenzari.
  5645 | D:7      | Reached skill level 9 in Axes
  5648 | D:7      | Gained mutation: You have a pair of horns on your head. [demonic ancestry]
  5648 | D:7      | Reached XP level 9. HP: 7/65 MP: 9/9
  6097 | D:7      | Reached * piety under Qazlal
  6229 | D:7      | You fall through a shaft!
  6455 | D:7      | Reached skill level 10 in Axes
  6759 | D:8      | Found a staircase to the Lair.
  6932 | D:7      | Found a bloodstained altar of Trog.
  6939 | D:7      | Found a burning altar of Makhleb.
  7039 | D:8      | Reached skill level 5 in Fighting
  7237 | D:8      | Reached skill level 11 in Axes
  7578 | D:8      | Found Cusch's Armour Emporium.
  7583 | D:8      | Bought a +1 pair of gloves of dexterity for 181 gold pieces
  7866 | D:9      | Gained mutation: A demonic guardian rushes to your aid. [demonic ancestry]
  7866 | D:9      | Reached XP level 10. HP: 70/74 MP: 10/10
  8038 | D:9      | Noticed a red ugly thing
  8075 | D:8      | Mangled by a red ugly thing

Skill      XL: |  1  2  3  4  5  6  7  8  9 |
---------------+----------------------------+-----
Axes           | 3 4 5 6 7 9 11 | 11.2
Dodging        | 3 4 |  4.3
Armour         | 1 2 3 4 |  4.7
Fighting       | 3 4 5 |  5.3
Throwing       | |  1.8

Action                   |  1- 3 |  4- 6 |  7- 9 | 10-12 || total
-------------------------+-------+-------+-------+-------++-------
Melee: War axe           |   132 |   201 |   285 |    32 ||   650
       Headbutt          |     8 |    28 |    69 |     6 ||   111
Throw: Throwing net      |       |     3 |     1 |       ||     4
  Use: Scroll            |     4 |     7 |     7 |       ||    18
       Potion            |       |     6 |     4 |       ||    10
 Stab: Sleeping          |     3 |     1 |       |       ||     4
       Distracted        |       |     1 |     5 |       ||     6
       Held in net/web   |       |       |     1 |       ||     1
  Eat: Chunk             |     3 |     7 |    13 |     1 ||    24
Armor: Leather armour    |    31 |    31 |       |       ||    62
       Chain mail        |       |    27 |   182 |       ||   209
       Ring mail         |       |     9 |       |       ||     9
       Plate armour      |       |       |     6 |    35 ||    41
Dodge: Dodged            |    98 |   171 |   152 |    25 ||   446
Block: Other             |       |       |     6 |     4 ||    10
